 Dungeon Crawl Stone Soup version 0.30-a0-636-g200c5c4a83 (webtiles) character file.

Game seed: 5275882809111448969

15435 Conn the Thaumaturge (level 12, 0/60 HPs)
             Began as a Deep Elf Hedge Wizard on Jan 15, 2023.
             Was a Priest of Sif Muna.
             Slain by a cane toad (13 damage)
             ... on level 2 of the Lair of Beasts.
             The game lasted 01:08:31 (15900 turns).

Conn the Thaumaturge (Deep Elf Hedge Wizard)       Turns: 15900, Time: 01:08:31

Health: 0/60       AC:  6    Str:  6    XL:     12   Next: 1%
Magic:  7/31       EV: 14    Int: 24    God:    Sif Muna [***...]
Gold:   327        SH:  0    Dex: 18    Spells: 3/38 levels left

rFire   . . .      SeeInvis .    e - staff of conjuration
rCold   . . .      Faith    .    (no shield)
rNeg    . . .      Spirit   .    b - +0 robe
rPois   .          Reflect  .    v - +2 hat
rElec   .          Harm     .    u - +1 cloak
rCorr   .          Rampage  .    (no gloves)
Will    +++..      Clarity  +    (no boots)
Stlth   +++                      A - amulet of the acrobat
HPRegen 0.30/turn                k - ring of willpower
MPRegen 0.22/turn                (no ring)

@: on blink cooldown, very slightly contaminated
A: agile 1, clarity, strong-willed 1, mutation resistance 1
a: Renounce Religion, Channel Magic, Forget Spell


You were on level 2 of the Lair of Beasts.
You worshipped Sif Muna.
Sif Muna was most pleased with you.
You visited 2 branches of the dungeon, and saw 12 of its levels.

You collected 725 gold pieces.
You spent 398 gold pieces at shops.

Inventory:

Hand Weapons
 a - a +0 dagger
 j - a +2 flail of protection
 B - the +4 halberd of the Hummingbird {flame, rPois Int-5 SInv}
   (You bought it in a shop on level 7 of the Dungeon)

   Int:       It affects your intelligence (-5).
   rPois:     It protects you from poison.
   SInv:      It lets you see invisible.
Missiles
 d - a curare-tipped dart
 l - a throwing net
 E - 2 boomerangs of dispersal
Armour
 b - a +0 robe (worn)
 n - the +1 leather armour "Fippif" {rN+ Str+3 Int+2}
   (You found it on level 6 of the Dungeon)

   Str:       It affects your strength (+3).
   Int:       It affects your intelligence (+2).
   rN:        It protects you from negative energy.
 u - a +1 cloak (worn)
 v - a +2 hat (worn)
Magical Staves
 e - a staff of conjuration (weapon)
Jewellery
 k - a ring of willpower (left hand)
 A - an amulet of the acrobat (around neck)
Wands
 q - a wand of flame (43)
 y - a wand of roots (10)
Scrolls
 f - 2 scrolls of immolation
 g - 12 scrolls of teleportation
 i - 2 scrolls of magic mapping
 m - 2 scrolls of summoning
 t - 2 scrolls of fog
 w - 6 scrolls of identify
 D - a scroll of torment
Potions
 c - a potion of curing
 h - 2 potions of flight
 o - 2 potions of might
 p - a potion of heal wounds
 r - a potion of resistance
 s - 2 potions of brilliance
 x - a potion of haste
 z - 2 potions of mutation
 C - 2 potions of cancellation {unknown}


   Skills:
 + Level 1.1 Fighting
 + Level 0.1 Short Blades
 + Level 1.2 Staves
 + Level 4.3 Dodging
 + Level 4.1 Stealth
 + Level 13.9 Spellcasting
 + Level 8.3 Conjurations
 + Level 3.0 Hexes
 + Level 5.0 Summonings
 + Level 4.0 Necromancy
 + Level 3.1 Translocations
 * Level 3.5 Fire Magic
 + Level 6.0 Ice Magic
 + Level 7.2 Air Magic
 + Level 2.8 Poison Magic
 * Level 7.9 Invocations


You had 3 spell levels left.
You knew the following spells:

 Your Spells              Type           Power      Damage    Failure   Level
a - Magic Dart            Conj           100%       1d8       1%          1
b - Blink                 Tloc           62%        N/A       1%          2
c - Inner Flame           Hex/Fire       32%        N/A       2%          3
d - Flame Wave            Conj/Fire      61%        2d14      3%          4
e - Ozocubu's Armour      Ice            45%        N/A       1%          3
f - Swiftness             Air            50%        N/A       1%          3
g - Airstrike             Air            25%        2d(4-20)  1%          4
h - Simulacrum            Ice/Necr       20%        N/A       56%         6
i - Call Imp              Summ           41%        N/A       1%          2
j - Mephitic Cloud        Conj/Pois/Air  62%        N/A       1%          3
k - Sticky Flame          Conj/Fire      61%        2d8       3%          4

Your spell library contained the following spells:

 Spells                   Type           Power      Damage    Failure   Level
 Shock                    Conj/Air       100%       1d9       1%          1
 Slow                     Hex            100%       N/A       1%          1
 Cigotuvi's Dreadful Rot  Necr/Pois/Air  78%        N/A       1%          2
 Sublimation of Blood     Necr           36%        N/A       1%          2
 Beastly Appendage        Tmut           32%        N/A       3%          1
 Wereblood                Tmut           16%        N/A       5%          2
 Spider Form              Tmut/Pois      23%        N/A       6%          3
 Metabolic Englaciation   Hex/Ice        19%        N/A       16%         5
 Irradiate                Conj/Tmut      26%        3d20      19%         5
 Blade Hands              Tmut           8%         N/A       69%         5
 Summon Hydra             Summ           20%        N/A       98%         7
 Dragon Form              Tmut           8%         N/A       100%        7


Dungeon Overview and Level Annotations

Branches:
Dungeon (10/15)            Temple (0/1) D:6            Lair (2/5) D:10
 Shoals (0/4) Lair:2       Spider (0/4) Lair:2          Orc (0/2) D:9

Altars:
Ashenzari
Cheibriados
Dithmenos
Fedhas
Gozag
Hepliaklqana
Kikubaaqudgha
Nemelex Xobeh
Okawaru
Ru
Sif Muna
Wu Jian
Yredelemnul
Zin
The Shining One

Shops:
D:4 [   D:7 (   D:8 =   D:9 *   D:10 ==


Innate Abilities, Weirdness & Mutations

You are agile. (Dex +4, Str/Int -1)
You possess an exceptional clarity of mind.
You are strong-willed. (Will+)
You are somewhat resistant to further mutation.


Message History

Aim: a cane toad (moderately wounded, empty space bonus: 1/8)
The air twists around and strikes the cane toad but does no damage.
You feel very sick.
The bullfrog hits you but does no damage.
The cane toad misses you. The bullfrog hits you.
Casting: Airstrike (dangerous; 1% risk of failure)
Confirm with . or Enter, or press ? or * to list all spells.
Casting: Flame Wave (dangerous; 3% risk of failure)
Press: ? - help, Dir - look around, f - activate You feel a surge of power!
A wave of flame ripples out!
The flame wave engulfs the bullfrog!
You kill the bullfrog!
Sif Muna accepts your kill.
The flame wave engulfs the cane toad!
The cane toad is heavily wounded. (Press . to intensify the flame waves.)
You feel very sick.
You hear a loud, deep croak!
The cane toad stings you!
* * * LOW HITPOINT WARNING * * *
You are lethally poisoned!
The cane toad poisons you!
Unknown command.
You feel better. The cane toad stings you!
* * * LOW HITPOINT WARNING * * *
Casting: Flame Wave (dangerous; 3% risk of failure)
Confirm with . or Enter, or press ? or * to list all spells.
You blink.
A bullfrog comes into view.
Casting: Blink (safe; 1% risk of failure)
Confirm with . or Enter, or press ? or * to list all spells.
You are still too unstable to blink.
Casting: Blink (safe; 1% risk of failure)
Confirm with . or Enter, or press ? or * to list all spells.
Okay, then.
Unknown command.
You feel much better. The cane toad stings you!!
* * * LOW HITPOINT WARNING * * *
The cane toad stings you!
You die...

....... .......
.....F. ...... #
....# # ##...# #
#P..# #@..# ###
#F#.#
#########.###.## #
###.P#.##.....ยง?#
.#..........##..#
...###.#.P####..#
#...####### #P..#
......## ###.#
.......# ..


You could see a cane toad and a bullfrog.

Vanquished Creatures
  A catoblepas (Lair:1)
  A two-headed ogre (D:9)
  Pikel (D:7)
  2 deep elf pyromancers (D:10)
  5 cane toads
  4 komodo dragons
  3 trolls (D:9)
  5 blink frogs (Lair:2)
  A culicivora (Lair:2)
  A shadow (D:10)
  3 wyverns
  11 yaks
  A wraith (D:10)
  Grum (D:10)
  An acid dragon (D:10)
  6 water moccasins
  2 orc warriors
  A swamp drake (D:10)
  2 black bears
  10 wolves
  3 ogres
  3 centaurs
  2 lemures (D:7)
  A kobold brigand (D:8)
  9 bullfrogs
  A gnoll sergeant (D:6)
  4 wights (D:7)
  11 killer bees
  A vampire bat (D:10)
  11 howler monkeys
  An electric eel (D:7)
  A hound (D:4)
  2 gnoll boudas
  An iron imp (D:10)
  An orc priest (D:10)
  3 iguanas
  6 hell rats (Lair:2)
  5 orc wizards
  A hound skeleton (D:3)
  19 gnolls
  8 adders
  A shadow imp (D:10)
  A white imp (D:10)
  An adder skeleton (D:3)
  2 adder zombies (D:3)
  2 worms
  7 dart slugs
  23 orcs
  2 bat skeletons (D:10)
  3 bat zombies (D:10)
  5 endoplasms
  3 giant cockroaches (D:1)
  9 goblins
  5 hobgoblins
  3 jackals (D:1)
  A quokka (D:4)
  4 ball pythons
  A ball python zombie (D:3)
  3 bats
  4 frilled lizards
  A jackal skeleton (D:3)
  12 kobolds
  A quokka skeleton (D:3)
  3 rats
  A spectral goblin (D:1)
254 creatures vanquished.

Vanquished Creatures (collateral kills)
  A komodo dragon (Lair:1)
  A yak (D:8)
  Menkaure (D:5)
  2 water moccasins
  An orc warrior (D:8)
  A lemure (D:7)
  A kobold brigand (D:9)
  A crimson imp (D:10)
  An orc priest (D:8)
  A gnoll bouda (D:7)
  An iguana (D:4)
  2 gnolls
  A dart slug (D:5)
  2 orcs
17 creatures vanquished.

Vanquished Creatures (others)
  3 orc wizards (D:10)
  2 orcs (D:10)
  7 fungi
  20 plants
32 creatures vanquished.

Grand Total: 303 creatures vanquished

Notes
Turn   | Place    | Note
-------+----------+-------------------------------------------
     0 | D:1      | Conn the Deep Elf Hedge Wizard began the quest for the Orb.
     0 | D:1      | Reached XP level 1. HP: 10/10 MP: 7/7
   189 | D:1      | Found a faded altar of an unknown god.
   356 | D:1      | Reached skill level 5 in Spellcasting
   413 | D:1      | Reached XP level 2. HP: 12/15 MP: 2/10
  1619 | D:2      | Reached XP level 3. HP: 19/19 MP: 10/12
  2189 | D:2      | Learned a level 2 spell: Blink
  2192 | D:2      | Learned a level 2 spell: Call Imp
  2196 | D:2      | Learned a level 3 spell: Mephitic Cloud
  2200 | D:2      | Learned a level 3 spell: Ozocubu's Armour
  2459 | D:2      | Reached XP level 4. HP: 24/24 MP: 9/13
  3224 | D:3      | Reached skill level 6 in Spellcasting
  3441 | D:3      | Found a sacrificial altar of Ru.
  3535 | D:4      | Found Xaagagud's Armour Shoppe.
  3539 | D:4      | Bought a +1 hat for 110 gold pieces
  3568 | D:4      | Learned a level 3 spell: Swiftness
  3594 | D:4      | Found a snail-covered altar of Cheibriados.
  3619 | D:4      | Reached XP level 5. HP: 24/28 MP: 0/15
  3647 | D:4      | Reached skill level 1 in Air Magic
  3867 | D:4      | Noticed an ogre
  3895 | D:4      | Killed an ogre
  3896 | D:4      | Reached skill level 1 in Ice Magic
  4033 | D:4      | Reached XP level 6. HP: 33/33 MP: 12/17
  4253 | D:4      | Found a broken altar of Ashenzari.
  4869 | D:4      | Found a glowing golden altar of the Shining One.
  4870 | D:4      | Found an opulent altar of Gozag.
  4870 | D:4      | Found a shadowy altar of Dithmenos.
  4871 | D:4      | Found a sparkling altar of Nemelex Xobeh.
  4875 | D:4      | Found an ornate altar of the Wu Jian Council.
  4954 | D:5      | Entered Level 5 of the Dungeon
  4955 | D:5      | Found a shimmering blue altar of Sif Muna.
  4966 | D:5      | Became a worshipper of Sif Muna the Loreminder
  5193 | D:5      | Noticed Menkaure
  5367 | D:5      | Learned a level 4 spell: Airstrike
  5441 | D:5      | Killed Menkaure
  5442 | D:5      | Reached XP level 7. HP: 21/37 MP: 14/19
  5525 | D:5      | Reached skill level 7 in Spellcasting
  5526 | D:5      | Found a blossoming altar of Fedhas.
  5542 | D:5      | Reached skill level 1 in Invocations
  5580 | D:6      | Found a hazy altar of Hepliaklqana.
  6191 | D:5      | Reached skill level 1 in Poison Magic
  6658 | D:6      | Reached XP level 8. HP: 35/42 MP: 12/21
  6772 | D:6      | Identified the +1 leather armour "Fippif" {rN+ Str+3 Int+2}
  6847 | D:6      | Found a staircase to the Ecumenical Temple.
  7301 | D:6      | Reached skill level 8 in Spellcasting
  7323 | D:6      | Reached * piety under Sif Muna
  7952 | D:7      | Found Rimuelem's Antique Weapon Shoppe.
  7957 | D:7      | Noticed Pikel
  7962 | D:7      | Bought a shimmering halberd for 288 gold pieces
  7962 | D:7      | Identified the +4 halberd of the Hummingbird {flame, rPois
                  | Int-5 SInv} (You bought it in a shop on level 7 of the
                  | Dungeon)
  7972 | D:7      | Killed Pikel
  7973 | D:7      | Reached skill level 9 in Spellcasting
  7973 | D:7      | Reached skill level 5 in Conjurations
  7973 | D:7      | Reached XP level 9. HP: 46/46 MP: 6/24
  8089 | D:7      | Found a basalt altar of Yredelemnul.
  9306 | D:8      | Reached skill level 10 in Spellcasting
  9484 | D:8      | Reached skill level 5 in Air Magic
  9691 | D:8      | Reached XP level 10. HP: 43/51 MP: 7/26
  9694 | D:8      | Reached skill level 11 in Spellcasting
  9701 | D:8      | Reached skill level 5 in Invocations
  9930 | D:8      | Learned a level 6 spell: Simulacrum
 10121 | D:8      | Found Juiriumecs's Jewellery Shoppe.
 10249 | D:9      | Found Goubemoc's Assorted Antiques.
 10252 | D:9      | Noticed a two-headed ogre
 10337 | D:9      | Reached ** piety under Sif Muna
 10338 | D:9      | Reached skill level 1 in Necromancy
 10342 | D:9      | Killed a two-headed ogre
 11442 | D:9      | Found a staircase to the Orcish Mines.
 11468 | D:10     | Entered Level 10 of the Dungeon
 11472 | D:10     | Found a staircase to the Lair.
 11540 | D:10     | Found Xyci's Jewellery Shop.
 11612 | D:10     | Reached skill level 5 in Ice Magic
 11655 | D:10     | Noticed Grum
 11664 | D:10     | Killed Grum
 11915 | D:10     | Found Ehuysuhufu's Jewellery Shop.
 12212 | D:10     | Learned a level 3 spell: Inner Flame
 12217 | D:10     | Learned a level 4 spell: Flame Wave
 12426 | D:10     | Found an iron altar of Okawaru.
 12539 | D:10     | Found an ancient bone altar of Kikubaaqudgha.
 12718 | D:10     | Noticed a deep elf pyromancer
 12888 | D:10     | Reached skill level 1 in Hexes
 12916 | D:10     | Noticed a deep elf pyromancer
 12922 | D:10     | Killed a deep elf pyromancer
 12923 | D:10     | Reached skill level 12 in Spellcasting
 12923 | D:10     | Reached skill level 1 in Fire Magic
 12926 | D:10     | Killed a deep elf pyromancer
 12927 | D:10     | Reached XP level 11. HP: 55/55 MP: 2/29
 13209 | D:10     | Reached *** piety under Sif Muna
 13434 | D:10     | Found a glowing silver altar of Zin.
 13573 | Lair:1   | Entered Level 1 of the Lair of Beasts
 13724 | Lair:1   | Noticed a catoblepas
 13836 | Lair:1   | Killed a catoblepas
 14100 | Lair:1   | Learned a level 4 spell: Sticky Flame
 14227 | Lair:1   | Gained mutation: You possess an exceptional clarity of
                  | mind. [potion of mutation]
 14227 | Lair:1   | Gained mutation: You are agile. (Dex +4, Str/Int -1)
                  | [potion of mutation]
 14227 | Lair:1   | Gained mutation: You are strong-willed. (Will+) [potion of
                  | mutation]
 14227 | Lair:1   | Gained mutation: You are somewhat resistant to further
                  | mutation. [potion of mutation]
 14716 | Lair:1   | Reached skill level 13 in Spellcasting
 14718 | Lair:1   | Reached skill level 5 in Summonings
 15010 | Lair:2   | Reached skill level 1 in Fighting
 15016 | Lair:2   | Reached skill level 1 in Staves
 15136 | Lair:2   | Found a staircase to the Shoals.
 15672 | Lair:2   | Found a hole to the Spider Nest.
 15804 | Lair:2   | Reached XP level 12. HP: 43/60 MP: 22/31
 15900 | Lair:2   | Slain by a cane toad

Illustrated notes

Levels and vault maps discovered:
D:1:      onia_arrival_pentagram, layout_basic,
          dreamdust_ecumenical_altar_drowned_temple, corexii_hall_statues_u,
          chequers_decorated_corner
D:2:      layout_basic, nrook_campfire
D:3:      layout_rooms, marbit_many_paths, serial_undead, serial_undead_f,
          serial_undead_f, serial_undead_f, serial_undead_c, serial_undead_d,
          serial_undead_a, grunt_ministairs_11
D:4:      cheibrodos_quashed, layout_loops_ring, nicolae_ashenzari_panopticon,
          minitemple, serial_shops, nicolae_shop_hallway_stairs,
          minmay_misc_feat_plants
D:5:      layout_basic, nicolae_sif_muna_condensation, general_overflow_altar,
          minmay_misc_feat_hallway, uniq_menkaure
D:6:      layout_loops_ring, nicolae_hepliaklqana_hazy_memory,
          minmay_temple_entry_slanted
D:7:      cheibrodos_helix_gallery, layout_layer_cave, old_standard_altar,
          serial_shops, nicolae_diamond_shop, uniq_pikel
D:8:      layout_basic, serial_shops, shop
D:9:      layout_roguey, orc_0_dummy, serial_shops, nicolae_take_the_stairs
D:10:     layout_irregular_city, zin_scriptorium, kennysheep_okawaru_gauntlet,
          kennysheep_vampire_church, dpeg_oklobed_lair, serial_shops, shop,
          shop, hangedman_minor_magic, uniq_grum
Lair:1:   layout_regular_city
Lair:2:   layout_cave_pods, elwin_shoals_entry_rocks, spider_nest_entry_rubble

Skill      XL: |  1  2  3  4  5  6  7  8  9 10 11 |
---------------+----------------------------------+-----
Spellcasting   | 5 6 7 9 10 12 13 | 13.9
Conjurations   | 2 3 4 5 6 7 8 |  8.3
Dodging        | 3 4 |  4.3
Translocations | 2 3 |  3.1
Air Magic      | 1 2 3 5 6 7 |  7.2
Summonings     | 2 3 4 5 |  5.0
Ice Magic      | 1 2 3 4 5 6 |  6.0
Stealth        | 3 4 |  4.1
Invocations    | 2 3 4 6 7 |  7.9
Poison Magic   | 1 2 |  2.8
Necromancy     | 3 4 |  4.0
Hexes          | 1 3 |  3.0
Fire Magic     | 1 3 |  3.5
Fighting       | 1 |  1.1
Staves         | 1 |  1.2
Short Blades   | |  0.1

Action                   |  1- 3 |  4- 6 |  7- 9 | 10-12 || total
-------------------------+-------+-------+-------+-------++-------
Melee: Dagger            |     5 |       |       |       ||     5
       Staff             |     3 |    27 |    19 |    39 ||    88
       Punch             |       |     1 |       |     1 ||     2
 Cast: Magic Dart        |   119 |   148 |   219 |   245 ||   731
       Call Imp          |       |     5 |    35 |    27 ||    67
       Mephitic Cloud    |       |     2 |    30 |    44 ||    76
       Blink             |       |     1 |     4 |    17 ||    22
       Ozocubu's Armour  |       |       |     6 |     6 ||    12
       Airstrike         |       |       |    11 |    43 ||    54
       Flame Wave        |       |       |       |    22 ||    22
       Inner Flame       |       |       |       |     6 ||     6
Invok: Channel Magic     |       |       |     2 |     3 ||     5
Evoke: Wand              |       |       |     3 |     5 ||     8
  Use: Scroll            |     2 |     4 |    12 |     5 ||    23
       Potion            |       |     5 |     8 |     4 ||    17
 Stab: Distracted        |       |     1 |       |     1 ||     2
       Confused          |       |       |       |     1 ||     1
Armor: Robe              |     8 |     9 |    18 |    55 ||    90
       Skin              |       |    28 |       |       ||    28
Dodge: Dodged            |    23 |    30 |    79 |   138 ||   270

Table legend: (Time is in decaauts)
 A = Elapsed time spent in this place.
 B = Non-inter-level travel time spent in this place.
 C = Inter-level travel time spent in this place.
 D = Time resting spent in this place.
 E = Time spent auto-exploring this place.
 F = Levels seen in this place.
 G = Mean time per level.
                   A        B        C        D        E       F      G
               +--------+--------+--------+--------+--------+-----+--------+
         Total |  15938 |  15712 |    226 |    760 |  11286 |  12 | 1328.2 |
       Dungeon |  13607 |  13404 |    203 |    643 |   9670 |  10 | 1360.7 |
          Lair |   2330 |   2308 |     22 |    117 |   1615 |   2 | 1165.0 |
               +--------+--------+--------+--------+--------+-----+--------+

Top non-repeatable levels by time:
    D:10: 2108 daAuts
     D:7: 1624 daAuts
     D:1: 1561 daAuts
     D:6: 1448 daAuts
     D:4: 1423 daAuts
  Lair:1: 1344 daAuts
     D:9: 1239 daAuts
     D:8: 1126 daAuts
     D:5: 1093 daAuts
     D:2: 1092 daAuts
  Lair:2: 986 daAuts
     D:3: 889 daAuts
